 Dungeon Crawl Stone Soup version 0.29-a0-509-g793eeb5391 (webtiles) character file.

Game seed: 393333380455413081

1149 Morbidden the Conjurer (level 8, -10/51 HPs)
             Began as an Octopode Conjurer on May 29, 2022.
             Mangled by an orc warrior
             ... wielding a +0 war axe
              (13 damage)
             ... on level 6 of the Dungeon.
             The game lasted 00:08:47 (9049 turns).

Morbidden the Conjurer (Octopode Conjurer)          Turns: 9049, Time: 00:08:47

Health: -10/51     AC:  1    Str:  6    XL:     8   Next: 38%
Magic:  4/15       EV: 13    Int: 22    God:
Gold:   364        SH:  0    Dex: 11    Spells: 6/16 levels left

rFire   . . .      SeeInvis .     - Unarmed
rCold   . . .      Faith    .   (no shield)
rNeg    . . .      Spirit   .   (helmet restricted)
rPois   .          Reflect  .   (no amulet)
rElec   .          Harm     .   g - ring of willpower
rCorr   .          Rampage  .   (no ring)
Will    +....                   (no ring)
Stlth   +++.......              (no ring)
HPRegen 0.17/turn               (no ring)
MPRegen 0.14/turn               (no ring)
                                (no ring)
                                (no ring)

@: no status effects
A: almost no armour, amphibious, 8 rings, camouflage 1, gelatinous body 1,
(nimble swimmer 1), tentacles
a: no special abilities


You were on level 6 of the Dungeon.
You visited 1 branch of the dungeon, and saw 6 of its levels.
You also visited: Ossuary.

You collected 364 gold pieces.

Inventory:

Jewellery
 g - a ring of willpower (left tentacle)
Wands
 m - a wand of mindburst (7)
 q - a wand of paralysis (8)
 r - a wand of digging (5)
Scrolls
 b - 2 scrolls of amnesia
 e - 6 scrolls of identify
 h - 2 scrolls of fear
 j - 3 scrolls of blinking
 t - a scroll of brand weapon
 u - a scroll of poison
Potions
 a - 2 potions of magic
 c - 3 potions of brilliance {unknown}
 d - 3 potions of haste
 f - a potion of invisibility {unknown}
 i - a potion of berserk rage
 k - a potion of attraction {unknown}
 l - 2 potions of heal wounds {unknown}
 n - a potion of degeneration {unknown}
 o - 4 potions of lignification {unknown}
 p - 3 potions of might {unknown}
 s - a potion of curing {unknown}


   Skills:
 * Level 2.9 Fighting
 * Level 3.6 Dodging
 + Level 4.3 Stealth
 * Level 2.5 Unarmed Combat
 * Level 4.6 Spellcasting
 * Level 6.2 Conjurations
 * Level 2.6 Translocations
 * Level 1.0 Transmutations
 * Level 1.6 Poison Magic


You had 6 spell levels left.
You knew the following spells:

 Your Spells              Type           Power      Damage    Failure   Level
a - Magic Dart            Conj           100%       1d8       1%          1
b - Searing Ray           Conj           64%        2d6       1%          2
x - Spider Form           Tmut/Pois      11%        N/A       19%         3
z - Iskenderun's Mystic   Conj/Tloc      24%        2d7       17%         4

Your spell library contained the following spells:

 Spells                   Type           Power      Damage    Failure   Level
 Dazzling Flash           Conj/Hex       36%        N/A       9%          3
 Ensorcelled Hibernation  Hex/Ice        10%        N/A       16%         2
 Fulminant Prism          Conj/Hex       9%         3d7       28%         4
 Tukima's Dance           Hex            5%         N/A       30%         3
 Passage of Golubria      Tloc           16%        N/A       34%         4
 Anguish                  Hex/Necr       2%         N/A       71%         4
 Yara's Violent Unravell  Hex/Tmut       3%         3d4       93%         5
 Agony                    Necr           5%         N/A       96%         5
 Silence                  Hex/Air        2%         N/A       96%         5


Dungeon Overview and Level Annotations

Branches:
Dungeon (6/15)             Temple (0/1) D:6         Ossuary (visited)

Altars:

Shops:
D:2 *

Annotations:
D:3 2 runed translucent doors, Crazy Yiuf; kuniqs's ghost, amateur DgCj


Innate Abilities, Weirdness & Mutations

You cannot wear most types of armour.
You are amphibious.
You can wear up to eight rings at the same time.
Your skin changes colour to match your surroundings (Stealth+).
Your rubbery body absorbs attacks. (AC +1, EV +1)
((You are camouflaged when in or above water. (Stealth+)))
You have tentacles for arms and can constrict up to eight enemies at once.


Message History

The searing ray hits the orc warrior.
The orc warrior is heavily wounded.
You finish channelling your searing ray.
An orc priest comes into view. It is wielding a +0 short sword.
The orc warrior hits you with a +0 war axe!
Unknown command.
Unknown command.
Unknown command.
Casting: Searing Ray (safe; 1% risk of failure)
Confirm with . or Enter, or press ? or * to list all spells.
Aiming: Searing Ray (safe; 1% risk of failure)
Press: ? - help, Shift-Dir - straight line, f/p - orc warrior
Aim: an orc warrior, wielding a +0 war axe and wearing a +0 chain mail (heavily wounded, 78% to hit)
The searing ray hits the orc warrior.
The orc warrior is severely wounded. (Press . to maintain the ray.)
The orc warrior hits you with a +0 war axe!!
* * * LOW HITPOINT WARNING * * *
The searing ray misses the orc warrior.
The orc priest invokes the aid of Beogh against you.
Beogh smites you!
* * * LOW HITPOINT WARNING * * *
Unknown command.
Unknown command.
The searing ray hits the orc warrior.
The orc warrior is severely wounded.
The orc warrior misses you.
Unknown command.
Unknown command.
Unknown command.
Casting: Searing Ray (safe; 1% risk of failure)
Confirm with . or Enter, or press ? or * to list all spells.
Restarting spell: Searing Ray (safe; 1% risk of failure)
Press: ? - help, Shift-Dir - straight line, f/p - orc warrior
Aim: an orc warrior, wielding a +0 war axe and wearing a +0 chain mail (severely wounded, 78% to hit)
The searing ray hits the orc warrior.
The orc warrior is almost dead. (Press . to maintain the ray.)
The orc warrior hits you with a +0 war axe!
You die...

#.....+.......#.....+..
#.....#..#.........##..
##+##.....#..############..
...#.....#. +....#.. ..#.....#
#....'..
#.#.....#####+####'######
'#####.###....................
.........#....................
.........o...@................
.........#...o................
.........#....................
.........#....................
...)##...#....................
.... ###############'#####.(..
... #...........#..'.... ..
#...........#..#....
###+##..###.##'##....


You could see an orc warrior and an orc priest.

Vanquished Creatures
  Grinder (D:3)
  A black bear (D:6)
  2 elf zombies (Ossuary)
  A bullfrog (D:4)
  A scorpion (D:5)
  2 centaur zombies (Ossuary)
  A hound (D:5)
  A human zombie (Ossuary)
  Jessica (D:3)
  Natasha (thrice) (D:3)
  2 iguanas
  2 hound zombies (Ossuary)
  3 mummies (Ossuary)
  7 gnolls
  4 adders
  A white imp (D:6)
  2 ufetubi
  2 adder zombies (Ossuary)
  A worm (D:3)
  5 dart slugs
  8 orcs
  10 ball pythons
  4 endoplasms
  5 giant cockroaches
  2 gnoll zombies (Ossuary)
  6 goblins
  6 hobgoblins
  7 kobolds
  2 quokkas (D:1)
  5 bats
  17 frilled lizards
  3 goblin zombies (Ossuary)
  3 hobgoblin zombies (Ossuary)
  3 jackal zombies (Ossuary)
  5 kobold zombies (Ossuary)
  3 orc zombies (Ossuary)
  5 quokka zombies (Ossuary)
  4 rats
  3 rat zombies (Ossuary)
144 creatures vanquished.

Vanquished Creatures (others)
  An orc wizard (D:6)
  4 plants (D:3)
5 creatures vanquished.

Grand Total: 149 creatures vanquished

Notes
Turn   | Place    | Note
-------+----------+-------------------------------------------
     0 | D:1      | Morbidden the Octopode Conjurer began the quest for the
                  | Orb.
     0 | D:1      | Reached XP level 1. HP: 11/11 MP: 3/3
   360 | D:1      | Reached XP level 2. HP: 18/18 MP: 5/5
   707 | D:1      | Reached XP level 3. HP: 22/22 MP: 3/6
   710 | D:1      | Learned a level 2 spell: Searing Ray
  1414 | D:2      | Found Hont's Assorted Antiques.
  1494 | D:2      | Reached skill level 1 in Fighting
  1494 | D:2      | Reached skill level 1 in Unarmed Combat
  1840 | D:2      | Reached XP level 4. HP: 27/28 MP: 4/7
  2355 | D:3      | Identified the +2 robe of Relativism {Rampage rCorr Int-3}
  2463 | D:3      | Found a runed translucent door.
  2463 | D:3      | Noticed kuniqs's ghost (amateur DgCj)
  2646 | D:3      | Learned a level 4 spell: Iskenderun's Mystic Blast
  2804 | D:3      | Noticed Grinder
  3093 | D:3      | Noticed Jessica
  3096 | D:3      | Killed Jessica
  3172 | D:3      | Noticed Natasha
  3179 | D:3      | Killed Natasha
  3180 | D:3      | Reached skill level 5 in Conjurations
  3180 | D:3      | Reached XP level 5. HP: 26/33 MP: 0/8
  3563 | D:3      | Noticed Natasha
  3567 | D:3      | Killed Natasha
  3701 | D:3      | Killed Grinder
  3702 | D:3      | Reached skill level 1 in Translocations
  3702 | D:3      | Reached XP level 6. HP: 10/39 MP: 0/11
  4124 | D:3      | Noticed Natasha
  4136 | D:3      | Killed Natasha
  4289 | D:3      | Found a runed translucent door.
  4290 | D:3      | Noticed Crazy Yiuf
  4496 | D:4      | Reached XP level 7. HP: 8/45 MP: 0/12
  4522 | D:4      | Found a sand-covered staircase.
  4531 | Ossuary  | Entered an ossuary
  4806 | Ossuary  | Learned a level 3 spell: Spider Form
  4991 | Ossuary  | HP: 2/45 [centaur zombie (1)]
  6121 | Ossuary  | Reached skill level 1 in Poison Magic
  7360 | D:4      | Reached XP level 8. HP: 41/51 MP: 8/14
  7728 | D:5      | Entered Level 5 of the Dungeon
  7846 | D:5      | Reached skill level 6 in Conjurations
  8621 | D:6      | Reached skill level 1 in Transmutations
  8935 | D:6      | Found a staircase to the Ecumenical Temple.
  9049 | D:6      | Mangled by an orc warrior

Illustrated notes

Levels and vault maps discovered:
D:1:      dpeg_arrival_snail, layout_loops_ring,
          hangedman_decor_clover_reticule, serial_bayou_crossing
D:2:      layout_basic, serial_shops, nicolae_shop_behind_doors
D:3:      layout_basic, gammafunk_ghost_grave, serial_glass, glass_columns_b,
          glass_columns_a, minmay_lizard_king, uniq_jessica, uniq_grinder,
          uniq_crazy_yiuf_cottage, uniq_natasha
D:4:      layout_rooms, lightli_ossuary_entry_decrepit_ruins
D:5:      layout_basic, minmay_misc_feat_chi
D:6:      minmay_angry_zag, layout_gridville, minmay_temple_entry_wispy

Skill      XL: |  1  2  3  4  5  6  7  8 |
---------------+-------------------------+-----
Fighting       | 1 2 |  2.9
Unarmed Combat | 1 2 |  2.5
Stealth        | 3 4 |  4.3
Conjurations   | 5 6 |  6.2
Spellcasting   | 3 4 |  4.6
Translocations | 1 2 |  2.6
Dodging        | 3 |  3.6
Poison Magic   | 1 |  1.6
Transmutations | 1 |  1.0

Action                   |  1- 3 |  4- 6 |  7- 9 || total
-------------------------+-------+-------+-------++-------
Melee: Unarmed           |    14 |     5 |    46 ||    65
       Constrict         |     5 |     1 |     9 ||    15
       Tentacles         |     3 |     1 |    13 ||    17
       Punch             |       |       |     1 ||     1
 Cast: Magic Dart        |    62 |    86 |   134 ||   282
       Searing Ray       |       |     4 |    26 ||    30
       Spider Form       |       |       |     1 ||     1
Evoke: Wand              |       |       |     1 ||     1
  Use: Potion            |       |     2 |       ||     2
       Scroll            |       |     6 |     1 ||     7
 Stab: Sleeping          |     1 |       |     1 ||     2
Armor: Skin              |     1 |     2 |     9 ||    12
Dodge: Dodged            |    13 |    23 |    74 ||   110

Table legend: (Time is in decaauts)
 A = Elapsed time spent in this place.
 B = Non-inter-level travel time spent in this place.
 C = Inter-level travel time spent in this place.
 D = Time resting spent in this place.
 E = Time spent auto-exploring this place.
 F = Levels seen in this place.
 G = Mean time per level.
                   A        B        C        D        E       F      G
               +--------+--------+--------+--------+--------+-----+--------+
         Total |   9047 |   8921 |    126 |   1601 |   6349 |   7 | 1292.4 |
       Dungeon |   7060 |   6934 |    126 |    957 |   5203 |   6 | 1176.7 |
       Ossuary |   1986 |   1986 |      0 |    644 |   1146 |   1 | 1986.0 |
               +--------+--------+--------+--------+--------+-----+--------+

Top non-repeatable levels by time:
     D:3: 2132 daAuts
 Ossuary: 1986 daAuts
     D:1: 1338 daAuts
     D:4: 1335 daAuts
     D:5: 985 daAuts
     D:2: 934 daAuts
     D:6: 335 daAuts
